TOP OF THE 1ST |
Roy Eagle Squadron batting - Pitching for Elkins Sting Rays : LHP Keith Jackson
|
Pitching: LHP Keith Jackson
|
|
Batting: RHB José Vidal
|
0-0: SINGLE (Line Drive, 34D)
|
Batting: RHB Ken Miller
|
0-0: Ball Throwing error on steal attempt, E2 José Vidal to third 1-0: Called Strike 1-1: Foul Ball, location: 2F 1-2: Strikes out looking
|
Batting: RHB Ben Ware
|
0-0: Called Strike 0-1: Swinging Strike 0-2: Ball 1-2: Ball 2-2: Foul Ball, location: 2F 2-2: Ground out 2-3 (Groundball, 2R)
|
Batting: RHB Felipe Jareño
|
0-0: Ball 1-0: Called Strike 1-1: Ball 2-1: Ball 3-1: Called Strike 3-2: Fly out, F9 (Flyball, 9D)
|
Top of the 1st over - 0 run(s), 1 hit(s), 1 error(s), 1 left on base; Roy 0 - Elkins 0 |
BOTTOM OF THE 1ST |
Elkins Sting Rays batting - Pitching for Roy Eagle Squadron : RHP John Ashe
|
Pitching: RHP John Ashe
|
|
Batting: RHB Jesús Ruíz
|
0-0: Swinging Strike 0-1: Ball 1-1: Ground out 5-3 (Groundball, 5S)
|
Batting: SHB Hang-ki Yue
|
0-0: Ground out 4-3 (Groundball, 4)
|
Batting: RHB Marcos García
|
0-0: Called Strike 0-1: Ball 1-1: Reached on error, E6 (Groundball, 6)
|
Batting: RHB Jorge Paredes
|
0-0: SINGLE (Groundball, 4D) Marcos García to second Runner from 2nd tries for 3rd, SAFE, throw made to third
|
Batting: RHB Alfonso Sánchez
|
0-0: Ball 1-0: Foul Ball, location: 2F 1-1: Swinging Strike 1-2: Ball Balk! Marcos García scores Jorge Paredes to second 2-2: Foul Ball, location: 2F 2-2: Ball 3-2: SINGLE (Line Drive, 89S) Jorge Paredes to third Jorge Paredes scores
|
Batting: RHB Juan Hernández
|
0-0: Ball 1-0: Called Strike 1-1: Ball 2-1: Ball 3-1: Ground out 5-3 (Groundball, 56)
|
Bottom of the 1st over - 2 run(s), 2 hit(s), 1 error(s), 1 left on base; Roy 0 - Elkins 2 |
TOP OF THE 2ND |
Roy Eagle Squadron batting - Pitching for Elkins Sting Rays : LHP Keith Jackson
|
Batting: SHB Fernando Borges
|
0-0: Ball 1-0: Ball 2-0: Swinging Strike 2-1: Foul Ball, location: 2F 2-2: Foul Ball, location: 2F 2-2: Foul Ball, location: 2F 2-2: SINGLE (Groundball, 56D)
|
Batting: RHB Oliver Sánchez
|
0-0: Fly out, F3 (Popup, 3DF)
|
Batting: RHB Chad Battle
|
0-0: Swinging Strike 0-1: Fly out, F5 (Popup, 25F)
|
Batting: LHB Kelsey Scott
|
0-0: Called Strike 0-1: Fly out, F8 (Flyball, 8LM)
|
Top of the 2nd over - 0 run(s), 1 hit(s), 0 error(s), 1 left on base; Roy 0 - Elkins 2 |
BOTTOM OF THE 2ND |
Elkins Sting Rays batting - Pitching for Roy Eagle Squadron : RHP John Ashe
|
Batting: RHB Juan González
|
0-0: Foul Ball, location: 2F 0-1: Ball 1-1: Ball 2-1: Fly out, F7 (Flyball, 78M)
|
Batting: RHB Julian Lee
|
0-0: Ball 1-0: Fly out, F6 (Line Drive, 6M)
|
Batting: LHB Brenton Carter
|
0-0: Ground out 6-3 (Groundball, 6)
|
Bottom of the 2nd over - 0 run(s), 0 hit(s), 0 error(s), 0 left on base; Roy 0 - Elkins 2 |
TOP OF THE 3RD |
Roy Eagle Squadron batting - Pitching for Elkins Sting Rays : LHP Keith Jackson
|
Batting: RHB Albert Valancía
|
0-0: Ground out 1-3 (Groundball, 15S)
|
Batting: RHB José Vidal
|
0-0: Ball 1-0: Foul Ball, location: 2F 1-1: Ground out 1-3 (Groundball, 13)
|
Batting: RHB Ken Miller
|
0-0: Ball 1-0: Ball 2-0: Called Strike 2-1: Ball 3-1: Foul Ball, location: 2F 3-2: Foul Ball, location: 2F 3-2: Base on Balls
|
Pitching: RHP Lloyd Harmon
|
|
Batting: RHB Ben Ware
|
0-0: Called Strike 0-1: Fly out, F9 (Flyball, 89S)
|
Top of the 3rd over - 0 run(s), 0 hit(s), 0 error(s), 1 left on base; Roy 0 - Elkins 2 |
BOTTOM OF THE 3RD |
Elkins Sting Rays batting - Pitching for Roy Eagle Squadron : RHP John Ashe
|
Batting: RHB Jesús Ruíz
|
0-0: SINGLE (Line Drive, 9LS)
|
Batting: SHB Hang-ki Yue
|
0-0: Ball 1-0: Called Strike 1-1: Swinging Strike 1-2: Strikes out swinging
|
Batting: RHB Marcos García
|
0-0: Grounds into double play, 3-6-3 (Groundball, 3)
|
Bottom of the 3rd over - 0 run(s), 1 hit(s), 0 error(s), 0 left on base; Roy 0 - Elkins 2 |
TOP OF THE 4TH |
Roy Eagle Squadron batting - Pitching for Elkins Sting Rays : RHP Lloyd Harmon
|
Batting: RHB Felipe Jareño
|
0-0: Foul Ball, location: 2F 0-1: Ball 1-1: Ball 2-1: Ball 3-1: Fly out, F9 (Flyball, 89M)
|
Batting: SHB Fernando Borges
|
0-0: Foul Ball, location: 2F 0-1: Foul Ball, location: 2F 0-2: Ball 1-2: Ball 2-2: Strikes out looking
|
Batting: RHB Oliver Sánchez
|
0-0: Swinging Strike 0-1: Ball 1-1: TRIPLE (Line Drive, 8RM)
|
Batting: RHB Chad Battle
|
0-0: Called Strike 0-1: Foul Ball, location: 2F 0-2: Ball 1-2: Strikes out swinging
|
Top of the 4th over - 0 run(s), 1 hit(s), 0 error(s), 1 left on base; Roy 0 - Elkins 2 |
BOTTOM OF THE 4TH |
Elkins Sting Rays batting - Pitching for Roy Eagle Squadron : RHP John Ashe
|
Batting: RHB Jorge Paredes
|
0-0: Foul Ball, location: 2F 0-1: Ball 1-1: SINGLE (Line Drive, 6MD)
|
Batting: RHB Alfonso Sánchez
|
0-0: Ball
|
|
|
|
1-0: Foul Ball, location: 2F 1-1: Ball 2-1: Foul Ball, location: 2F 2-2: Fly out, F7 (Flyball, 78M)
|
Batting: RHB Juan Hernández
|
0-0: Called Strike 0-1: SINGLE (Groundball, 6D) Jorge Paredes to second
|
Batting: RHB Juan González
|
Balk! Jorge Paredes to third Juan Hernández to second 0-0: Called Strike 0-1: Fly out, F7 (Flyball, 7M)
|
Batting: RHB Julian Lee
|
0-0: Called Strike 0-1: Foul Ball, location: 2F 0-2: Ball 1-2: Ball 2-2: Ball 3-2: Foul Ball, location: 2F 3-2: Foul Ball, location: 2F 3-2: Ground out 1-3 (Groundball, 25)
|
Bottom of the 4th over - 0 run(s), 2 hit(s), 0 error(s), 2 left on base; Roy 0 - Elkins 2 |
TOP OF THE 5TH |
Roy Eagle Squadron batting - Pitching for Elkins Sting Rays : RHP Lloyd Harmon
|
Batting: LHB Kelsey Scott
|
0-0: Ball 1-0: Fly out, F8 (Flyball, 8RM)
|
Batting: RHB Albert Valancía
|
0-0: Called Strike 0-1: Swinging Strike 0-2: Ball 1-2: Foul Ball, location: 2F 1-2: Strikes out swinging
|
Batting: RHB José Vidal
|
0-0: Ball 1-0: Foul Ball, location: 2F 1-1: Swinging Strike 1-2: Strikes out swinging
|
Top of the 5th over - 0 run(s), 0 hit(s), 0 error(s), 0 left on base; Roy 0 - Elkins 2 |
BOTTOM OF THE 5TH |
Elkins Sting Rays batting - Pitching for Roy Eagle Squadron : RHP John Ashe
|
Batting: LHB Brenton Carter
|
0-0: Ball 1-0: DOUBLE (Flyball, 8LXD) - OUT at third base trying to stretch hit.
|
Batting: RHB Jesús Ruíz
|
0-0: Called Strike 0-1: Ball 1-1: Ball 2-1: Ball 3-1: Foul Ball, location: 2F 3-2: Reached on error, E5 (Groundball, 56)
|
Batting: SHB Hang-ki Yue
|
0-0: Called Strike 0-1: Ball 1-1: Foul Ball, location: 2F 1-2: Foul Ball, location: 2F 1-2: Ball 2-2: Fly out, F9 (Line Drive, 89M)
|
Batting: RHB Marcos García
|
0-0: Ball 1-0: Foul Ball, location: 2F 1-1: Ball 2-1: Swinging Strike 2-2: SINGLE (Groundball, 6MD) Jesús Ruíz to second Runner from 2nd tries for 3rd, SAFE, throw made to third Marcos García to second
|
Batting: RHB Jorge Paredes
|
0-0: Ball 1-0: SINGLE (Flyball, 9LS) Jesús Ruíz scores Marcos García to third Runner from 3rd tries for Home, SAFE, no throw or cutoff
|
Batting: RHB Alfonso Sánchez
|
0-0: Ball Jorge Paredes steals 2nd base 1-0: Foul Ball, location: 2F 1-1: Called Strike 1-2: Foul Ball, location: 2F 1-2: Strikes out swinging
|
Bottom of the 5th over - 2 run(s), 3 hit(s), 1 error(s), 1 left on base; Roy 0 - Elkins 4 |
TOP OF THE 6TH |
Roy Eagle Squadron batting - Pitching for Elkins Sting Rays : RHP Lloyd Harmon
|
Batting: RHB Ken Miller
|
0-0: Called Strike 0-1: Swinging Strike 0-2: Ball 1-2: Ball 2-2: Ball 3-2: Fly out, F7 (Popup, 6D)
|
Batting: RHB Ben Ware
|
0-0: Ball 1-0: Called Strike 1-1: Ball 2-1: Foul Ball, location: 2F 2-2: Strikes out swinging
|
Batting: RHB Felipe Jareño
|
0-0: Called Strike 0-1: Ball 1-1: Called Strike 1-2: Foul Ball, location: 2F 1-2: Strikes out swinging
|
Top of the 6th over - 0 run(s), 0 hit(s), 0 error(s), 0 left on base; Roy 0 - Elkins 4 |
BOTTOM OF THE 6TH |
Elkins Sting Rays batting - Pitching for Roy Eagle Squadron : RHP John Ashe
|
Batting: RHB Juan Hernández
|
0-0: Called Strike 0-1: Foul Ball, location: 2F 0-2: Strikes out looking
|
Pitching: RHP Ed Meadows
|
|
Batting: RHB Juan González
|
0-0: Foul Ball, location: 2F 0-1: Foul Ball, location: 2F 0-2: Foul Ball, location: 2F 0-2: Ball 1-2: Foul Ball, location: 2F 1-2: Foul Ball, location: 2F 1-2: Fly out, F9 (Flyball, 9M)
|
Batting: RHB Julian Lee
|
0-0: Called Strike 0-1: Foul Ball, location: 2F 0-2: Ball 1-2: Hit by Pitch
|
Batting: LHB Brenton Carter
|
0-0: Ball 1-0: Ball 2-0: SINGLE (Line Drive, 34D) Julian Lee to second
|
Batting: RHB Jesús Ruíz
|
0-0: Ball 1-0: Ball 2-0: SINGLE (Groundball, 56D) Julian Lee to third Brenton Carter to second Runner from 3rd tries for Home, SAFE, no throw or cutoff
|
Batting: SHB Hang-ki Yue
|
0-0: Called Strike 0-1: Swinging Strike 0-2: Foul Ball, location: 2F 0-2: Ground out 4-3 (Groundball, 4)
|
Bottom of the 6th over - 1 run(s), 2 hit(s), 0 error(s), 2 left on base; Roy 0 - Elkins 5 |
TOP OF THE 7TH |
Roy Eagle Squadron batting - Pitching for Elkins Sting Rays : RHP Lloyd Harmon
|
Batting: SHB Fernando Borges
|
0-0: Ball 1-0: Ball 2-0: Ground out 4-3 (Groundball, 4)
|
Pitching: RHP Mike Clay
|
|
Batting: RHB Oliver Sánchez
|
0-0: Ground out 5-3 (Groundball, 5)
|
Batting: RHB Chad Battle
|
0-0: Ball 1-0: Foul Ball, location: 2F 1-1: Ball 2-1: Foul Ball, location: 2F 2-2: Strikes out swinging
|
Top of the 7th over - 0 run(s), 0 hit(s), 0 error(s), 0 left on base; Roy 0 - Elkins 5 |
BOTTOM OF THE 7TH |
Elkins Sting Rays batting - Pitching for Roy Eagle Squadron : RHP Ed Meadows
|
Batting: RHB Marcos García
|
0-0: Foul Ball, location: 2F 0-1: Foul Ball, location: 2F 0-2: Strikes out swinging
|
Batting: RHB Jorge Paredes
|
0-0: SINGLE (Flyball, 9LS)
|
Batting: RHB Alfonso Sánchez
|
0-0: Grounds into double play, 6-4-3 (Groundball, 6M)
|
Bottom of the 7th over - 0 run(s), 1 hit(s), 0 error(s), 0 left on base; Roy 0 - Elkins 5 |
TOP OF THE 8TH |
Roy Eagle Squadron batting - Pitching for Elkins Sting Rays : RHP Mike Clay
|
Batting: LHB Kelsey Scott
|
0-0: Ball 1-0: Called Strike 1-1: Ball 2-1: Called Strike 2-2: Strikes out swinging
|
Batting: RHB Albert Valancía
|
0-0: Foul Ball, location: 2F 0-1: Ground out 5-3 (Groundball, 5)
|
Batting: RHB José Vidal
|
0-0: DOUBLE (Groundball, 5L)
|
Batting: RHB Ken Miller
|
0-0: Called Strike 0-1: Ground out 4-3 (Groundball, 34)
|
Top of the 8th over - 0 run(s), 1 hit(s), 0 error(s), 1 left on base; Roy 0 - Elkins 5 |
BOTTOM OF THE 8TH |
Elkins Sting Rays batting - Pitching for Roy Eagle Squadron : RHP Ed Meadows
|
Batting: RHB Juan Hernández
|
0-0: Fly out, F8 (Flyball, 8RM)
|
Pitching: RHP Elijah Justice
|
|
Batting: RHB Juan González
|
0-0: Called Strike 0-1: Foul Ball, location: 2F 0-2: Ball 1-2: Strikes out looking
|
Batting: RHB Julian Lee
|
0-0: Foul Ball, location: 2F 0-1: Foul Ball, location: 2F 0-2: Foul Ball, location: 2F 0-2: Ball 1-2: Strikes out swinging
|
Bottom of the 8th over - 0 run(s), 0 hit(s), 0 error(s), 0 left on base; Roy 0 - Elkins 5 |
TOP OF THE 9TH |
Roy Eagle Squadron batting - Pitching for Elkins Sting Rays : RHP Mike Clay
|
Batting: RHB Ben Ware
|
0-0: Called Strike 0-1: Ground out 5-3 (Groundball, 56)
|
Batting: RHB Felipe Jareño
|
0-0: Foul Ball, location: 2F 0-1: Foul Ball, location: 2F 0-2: Ball 1-2: SINGLE (Flyball, 89S)
|
Batting: SHB Fernando Borges
|
0-0: Ball 1-0: Swinging Strike 1-1: Foul Ball, location: 2F 1-2: Strikes out swinging
|
Batting: RHB Oliver Sánchez
|
0-0: Foul Ball, location: 2F 0-1: Ball 1-1: Foul Ball, location: 2F 1-2: Ball 2-2: SINGLE (Line Drive, 9LS) Felipe Jareño to second
|
Batting: RHB Chad Battle
|
0-0: Ball 1-0: Fly out, F7 (Flyball, 7M)
|
Top of the 9th over - 0 run(s), 2 hit(s), 0 error(s), 2 left on base; Roy 0 - Elkins 5 |
|
Monday, December 5th, 2016 - OOTP Baseball 17.12 Build 75
|
|